 Dungeon Crawl Stone Soup version 0.31-a0-1388-g4b2ba238e7 (webtiles) character file.

Game seed: 5222453205285053784

264 MisterAzrael the Sneak (level 5, 0/28 HPs)
             Began as a Deep Elf Enchanter on Dec 24, 2023.
             Slain by a gnoll
             ... wielding a +0 spear
             ... led by a gnoll sergeant
              (3 damage)
             ... on level 5 of the Dungeon.
             The game lasted 00:08:29 (2837 turns).

MisterAzrael the Sneak (Deep Elf Enchanter)         Turns: 2837, Time: 00:08:30

Health: 0/28       AC:  3    Str:  5    XL:     5   Next: 98%
Magic:  6/13       EV: 12    Int: 20    God:
Gold:   133        SH:  0    Dex: 17    Spells: 1/12 levels left

rFire   . . .        e - +0 rapier
rCold   . . .        (no shield)
rNeg    . . .        k - +0 leather armour
rPois   +            (no helmet)
rElec   .            (no cloak)
rCorr   .            (no gloves)
SInv    .            (no boots)
Will    .....        (no amulet)
Stlth   +++          m - ring of wizardry
HPRegen 0.24/turn    q - ring of poison resistance
MPRegen 0.13/turn

%: wizardry (x1)
@: no status effects
A: no striking features
a: no special abilities


You were on level 5 of the Dungeon.
You visited 1 branch of the dungeon, and saw 4 of its levels.

You collected 133 gold pieces.

Inventory:

Hand Weapons
 a - a +1 dagger
 e - a +0 rapier (weapon)
Missiles
 f - a throwing net
Armour
 b - a +0 robe
 k - a +0 leather armour (worn)
 o - a +0 cloak
Jewellery
 h - an amulet of guardian spirit
 m - a ring of wizardry (left hand)
 q - a ring of poison resistance (right hand)
Wands
 r - a wand of acid (10)
Scrolls
 g - 2 scrolls of poison {unknown}
 j - a scroll of enchant weapon {unknown}
 l - 4 scrolls of teleportation
 n - 2 scrolls of fear {unknown}
 t - a scroll of identify {unknown}
Potions
 c - a potion of invisibility
 d - 3 potions of curing
 i - a potion of lignification {unknown}
 p - a potion of mutation {unknown}
 s - a potion of cancellation {unknown}


   Skills:
 + Level 2.4 Short Blades
 - Level 2.7 Dodging
 * Level 5.9 Stealth
 + Level 4.3 Spellcasting
 + Level 5.0 Hexes
 + Level 1.9 Ice Magic


You had one spell level left.
You knew the following spells:

 Your Spells              Type           Power      Damage    Failure   Level
a - Ensorcelled Hibernat  Hex/Ice        36%        N/A       3%          2
b - Confusing Touch       Hex            24%        N/A       3%          3
c - Tukima's Dance        Hex            24%        N/A       3%          3
d - Dazzling Flash        Conj/Hex       28%        N/A       9%          3

Your spell library contained the following spells:

 Spells                   Type           Power      Damage    Failure   Level
 Lesser Beckoning         Tloc           8%         N/A       12%         2
 Scorch                   Fire           8%         2d5       12%         2
 Frozen Ramparts          Ice            24%        1d4       12%         3
 Gell's Gravitas          Tloc           4%         N/A       24%         3
 Stone Arrow              Conj/Erth      8%         3d7       24%         3
 Teleport Other           Tloc           4%         N/A       24%         3
 Metabolic Englaciation   Hex/Ice        9%         N/A       45%         5
 Animate Armour           Summ/Erth      8%         N/A       58%         4
 Flame Wave               Conj/Fire      4%         2d5       58%         4
 Leda's Liquefaction      Alch/Erth      2%         N/A       58%         4
 Petrify                  Alch/Erth      4%         N/A       58%         4
 Summon Cactus Giant      Summ           2%         N/A       100%        6
 Lehudib's Crystal Spear  Conj/Erth      2%         10d2      100%        8


Dungeon Overview and Level Annotations

Branches:
Dungeon (5/15)
 Temple: D:4-7

Altars:


Message History

Nothing appears to happen.
The gnoll closely misses you.
Casting: Ensorcelled Hibernation (safe; 3% risk of failure)
Confirm with . or Enter, or press ? or * to list all spells.
Aiming: Ensorcelled Hibernation (safe; 3% risk of failure)
Press: ? - help, Shift-Dir - straight line, f/p - gnoll
Aim: a gnoll, wielding a +0 flail (chance to affect: 60%)
The gnoll looks drowsy...
The helpless gnoll fails to defend itself.
You puncture the gnoll!
You kill the gnoll!
Casting: Ensorcelled Hibernation (safe; 3% risk of failure)
Confirm with . or Enter, or press ? or * to list all spells.
Aiming: Ensorcelled Hibernation (safe; 3% risk of failure)
Press: ? - help, Shift-Dir - straight line, f - gnoll sergeant
Aim: a gnoll sergeant, wielding a +0 spear and wearing a +0 ring mail (chance to affect: 50%)
The gnoll sergeant looks drowsy...
The gnoll shouts! x2
The gnoll hits you but does no damage.
The gnoll sergeant shouts!
You see here a +0 flail.
You hit the gnoll sergeant.
The gnoll sergeant is lightly wounded.
The gnoll completely misses you.
Casting: Ensorcelled Hibernation (safe; 3% risk of failure)
Confirm with . or Enter, or press ? or * to list all spells.
Aiming: Ensorcelled Hibernation (safe; 3% risk of failure)
Press: ? - help, Shift-Dir - straight line, f - gnoll, p - gnoll sergeant
Aim: a gnoll, wielding a +0 spear (chance to affect: 60%)
The gnoll looks drowsy...
The gnoll sergeant hits you with a +0 spear.
Your magical contamination has completely faded away.
The gnoll sergeant misses you. The gnoll closely misses you.
The gnoll shouts!
You closely miss the gnoll.
The gnoll sergeant hits you with a +0 spear!
The gnoll barely misses you.
The gnoll sergeant hits you with a +0 spear!
* * * LOW HITPOINT WARNING * * *
The gnoll hits you with a +0 spear.
You die...

#.#+# ##...### .
+......# ..
##......# ..
#.......# ..
#...?...+ #.......#
.# #....).# ..
+..g@..# ..
##.g.##### ..
#.#g#...#+# ..
###gs.....##### ##
#...........#.#+#
##)........##...####
+.........'......##
##.......##......##
#.......#.......##


You could see a gnoll sergeant, a scorpion and 3 gnolls.

Vanquished Creatures
  3 iguanas (D:4)
  11 gnolls
  3 adders (D:4)
  2 worms (D:4)
  2 orcs (D:4)
  A bat (D:1)
  4 endoplasms
  A giant cockroach (D:4)
  4 goblins
  7 hobgoblins
  2 jackals (D:2)
  3 quokkas
  5 ball pythons
  6 kobolds
54 creatures vanquished.

Notes
Turn   | Place    | Note
-------+----------+-------------------------------------------
     0 | D:1      | MisterAzrael the Deep Elf Enchanter began the quest for the
                  | Orb.
     0 | D:1      | Reached XP level 1. HP: 10/10 MP: 6/6
   333 | D:1      | Reached XP level 2. HP: 15/15 MP: 8/8
   460 | D:1      | Learned a level 2 spell: Ensorcelled Hibernation
   864 | D:1      | Found a faded altar of an unknown god.
   976 | D:2      | Reached XP level 3. HP: 13/19 MP: 4/9
  1314 | D:2      | You fall into a shaft and drop 2 floors!
  1388 | D:4      | Reached XP level 4. HP: 22/24 MP: 2/11
  1474 | D:4      | Reached skill level 1 in Ice Magic
  1479 | D:4      | Reached skill level 5 in Stealth
  1597 | D:4      | Found a glowing drain.
  1654 | D:4      | Reached XP level 5. HP: 20/28 MP: 0/12
  1954 | D:4      | Learned a level 3 spell: Confusing Touch
  1958 | D:4      | Learned a level 3 spell: Tukima's Dance
  1962 | D:4      | Learned a level 3 spell: Dazzling Flash
  2501 | D:4      | Reached skill level 5 in Hexes
  2640 | D:5      | Entered Level 5 of the Dungeon
  2837 | D:5      | Slain by a gnoll

Illustrated notes

Levels and vault maps discovered:
D:1:      tarquinn_simple_flora_water_e, layout_loops_cross,
          shapermc_ecumenical_altar_mp_vishouse, minivault_26,
          kennysheep_crisscross, nrook_campfire
D:2:      layout_rooms, serial_shops, shop
D:4:      layout_basic, portal_sewer_entry_c, hangedman_minor_gate_pass
D:5:      nicolae_cairo_tiling_very_big, layout_basic, hangedman_decor_push,
          chequers_mini_garden, chequers_serial_rivers_micro_d

Skill      XL: |  1  2  3  4  5 |
---------------+----------------+-----
Stealth        | 4 5 |  5.9
Ice Magic      | 1 |  1.9
Short Blades   | 2 |  2.4
Spellcasting   | 4 |  4.3
Hexes          | 5 |  5.0
Dodging        | |  2.7

Action                     |  1- 3 |  4- 6 || total
---------------------------+-------+-------++-------
  Melee: Dagger            |    81 |     3 ||    84
         Rapier            |       |    49 ||    49
         Punch             |       |     1 ||     1
   Cast: Ensorcelled Hiber |    18 |    34 ||    52
         Confusing Touch   |       |     1 ||     1
    Use: Potion            |     2 |       ||     2
         Scroll            |       |     1 ||     1
   Stab: Sleeping          |    20 |    20 ||    40
 Armour: Robe              |    19 |       ||    19
         Leather armour    |    21 |    42 ||    63
  Dodge: Dodged            |    59 |    53 ||   112

Table legend: (Time is in decaauts)
 A = Elapsed time spent in this place.
 B = Non-inter-level travel time spent in this place.
 C = Inter-level travel time spent in this place.
 D = Time resting spent in this place.
 E = Time spent auto-exploring this place.
 F = Levels seen in this place.
 G = Mean time per level.
                   A        B        C        D        E       F      G
               +--------+--------+--------+--------+--------+-----+--------+
         Total |   2834 |   2767 |     67 |    635 |   1495 |   4 |  708.5 |
       Dungeon |   2834 |   2767 |     67 |    635 |   1495 |   4 |  708.5 |
               +--------+--------+--------+--------+--------+-----+--------+

Top non-repeatable levels by time:
     D:4: 1406 daAuts
     D:1: 1059 daAuts
     D:2: 250 daAuts
     D:5: 118 daAuts
